 Dungeon Crawl Stone Soup version 0.26-a0-682-g294304f6e8 (webtiles) character file.

Game seed: 4373499717900306943

1685 mattiecakes the Grappler (level 8, -6/74 HPs)
             Began as a Troll Berserker on Oct 21, 2020.
             Was a High Priest of Trog.
             Shot with an arrow by a centaur (7 damage)
             ... on level 6 of the Dungeon.
             The game lasted 00:08:18 (4315 turns).

mattiecakes the Grappler (Troll Berserker)          Turns: 4315, Time: 00:08:18

Health: -6/74      AC:  7    Str: 28    XL:     8   Next: 71%
Magic:  7/7        EV: 10    Int:  3    God:    Trog [*****.]
Gold:   260        SH:  0    Dex:  9    Spells: 7/7 levels left

rFire    + . .     SeeInvis .     - Unarmed
rCold    . . .     Faith    .   (no shield)
rNeg     . . .     Spirit   .   a - +0 animal skin
rPois    .         Reflect  .   (helmet restricted)
rElec    .         Harm     .   e - +0 cloak
rCorr    .         Rampage  .   (gloves unavailable)
MR       ++...                  (boots unavailable)
Stlth    +.........             (no amulet)
HPRegen  1.62/turn              j - ring of protection from fire
MPRegen  0.10/turn              p - ring of flight

@: regenerating
A: large, unfitting armour, claws 3, regeneration 1, shaggy fur 1, tough skin 3
a: Berserk, Trog's Hand, Brothers in Arms, Renounce Religion, Evoke Flight


You were on level 6 of the Dungeon.
You worshipped Trog.
Trog was extremely pleased with you.
You visited 1 branch of the dungeon, and saw 6 of its levels.

You collected 260 gold pieces.

Inventory:

Armour
 a - a +0 animal skin (worn)
 e - a +0 cloak (worn)
Jewellery
 j - a ring of protection from fire (left claw)
 p - a ring of flight (right claw)
Wands
 o - a wand of acid (7)
 q - a wand of disintegration (14)
 r - a wand of digging (6)
 v - a wand of enslavement (8)
 y - a wand of iceblast (8)
Scrolls
 b - 6 scrolls of remove curse {unknown}
 c - 2 scrolls of noise {unknown}
 g - 2 scrolls of blinking {unknown}
 h - a scroll of fear {unknown}
 i - a scroll of teleportation {unknown}
 k - 3 scrolls of identify {unknown}
 n - a scroll of amnesia {unknown}
 s - a scroll of enchant weapon {unknown}
 u - 4 scrolls of random uselessness {unknown}
 w - a scroll of fog {unknown}
 x - a scroll of magic mapping {unknown}
Potions
 d - a potion of flight {unknown}
 f - 2 potions of curing {unknown}
 l - 2 potions of degeneration {unknown}
 m - a potion of mutation {unknown}
 t - a potion of brilliance {unknown}
 z - a potion of lignification {unknown}


   Skills:
 + Level 2.4 Fighting
 + Level 0.2 Armour
 + Level 2.4 Dodging
 - Level 11.3 Unarmed Combat


You had 7 spell levels left.
You didn't know any spells.
Your spell library was empty.

Dungeon Overview and Level Annotations

Branches:
Dungeon (6/15)
 Temple: D:4-7

Altars:
Kikubaaqudgha
Okawaru
Qazlal
Sif Muna
Wu Jian


Innate Abilities, Weirdness & Mutations

You are too large for most types of armour.
You have claws for hands.
Your natural rate of healing is unusually fast.
You are covered in fur. (AC +1)
You have extremely tough skin. (AC +3)


Message History

You see here 4 arrows.
The centaur shoots an arrow.
The arrow hits you!
The centaur shoots an arrow.
The arrow hits you.
You see here 2 arrows.
You are too injured to fight recklessly!
Unknown command.
Your ogre goes berserk!
The centaur shoots an arrow.
The arrow completely misses you.
The centaur shoots an arrow.
The arrow hits you!
* * * LOW HITPOINT WARNING * * *
The centaur shoots an arrow.
The arrow misses you.
The centaur shoots an arrow.
The arrow hits you!
* * * LOW HITPOINT WARNING * * *
The centaur shoots an arrow.
The arrow closely misses you.
Your skin crawls.
You feel resistant to hostile enchantments.
The centaur shoots an arrow.
The arrow hits you!
* * * LOW HITPOINT WARNING * * *
The centaur shoots an arrow.
The arrow hits you!
You die...

##.###.# #.#
#..##.# #..
##.##.# ####
#.##.# #..#.#
##.#.# # #...#
###.####.(#
#....@(.(.#
#..c..##........
#....O##........
#.....##.>......
#..cc.##........
#.....##....?...
#.....##........
#.....##......$.


You could see 3 centaurs and a friendly ogre (summoned, berserk).

Vanquished Creatures
  2 ice beasts (D:5)
  2 sky beasts (D:5)
  2 phantoms
  An ogre (D:4)
  Blork the orc (D:4)
  2 scorpions (D:5)
  A howler monkey (D:4)
  A bullfrog zombie (D:5)
  2 hounds
  2 jellies (D:5)
  4 orc wizards
  2 orc priests
  An iguana (D:5)
  Ijyb (D:3)
  Natasha (twice) (D:3)
  A worker ant (D:4)
  3 hound skeletons
  7 gnolls
  11 adders
  A shadow imp (D:5)
  2 white imps (D:5)
  An ufetubus (D:5)
  3 oozes
  2 adder zombies (D:5)
  An adder skeleton (D:6)
  5 worms
  2 dart slugs
  6 leopard geckos
  17 orcs
  3 ball pythons
  14 bats
  5 giant cockroaches
  8 goblins
  7 hobgoblins
  26 jackals
  7 kobolds
  3 quokkas
  A frilled lizard (D:2)
  A jackal skeleton (D:4)
  3 leopard gecko skeletons (D:4)
  7 rats
  A toadstool (D:1)
174 creatures vanquished.

Vanquished Creatures (others)
  12 plants
  3 toadstools (D:1)
15 creatures vanquished.

Grand Total: 189 creatures vanquished

Notes
Turn   | Place    | Note
-------+----------+-------------------------------------------
     0 | D:1      | mattiecakes the Troll Berserker began the quest for the
                  | Orb.
     0 | D:1      | Reached XP level 1. HP: 22/22 MP: 0/0
    51 | D:1      | Reached XP level 2. HP: 27/29 MP: 1/1
    96 | D:1      | Reached skill level 4 in Unarmed Combat
   147 | D:1      | Reached XP level 3. HP: 36/36 MP: 2/2
   510 | D:1      | You fall into a shaft and drop 1 floor!
   542 | D:2      | Reached ** piety under Trog
   565 | D:2      | Reached XP level 4. HP: 32/44 MP: 3/3
   602 | D:2      | Reached skill level 5 in Unarmed Combat
  1204 | D:3      | Reached XP level 5. HP: 50/50 MP: 4/4
  1356 | D:3      | Reached *** piety under Trog
  1373 | D:3      | Noticed Natasha
  1386 | D:3      | Killed Natasha
  1386 | D:3      | Reached skill level 6 in Unarmed Combat
  1623 | D:3      | Noticed Natasha
  1632 | D:3      | Killed Natasha
  1632 | D:3      | Reached XP level 6. HP: 45/59 MP: 5/5
  1732 | D:3      | Found an iron altar of Okawaru.
  1734 | D:3      | Found an ornate altar of the Wu Jian Council.
  1734 | D:3      | Found an ancient bone altar of Kikubaaqudgha.
  1734 | D:3      | Found a stormy altar of Qazlal.
  1734 | D:3      | Found a shimmering blue altar of Sif Muna.
  2019 | D:3      | Reached skill level 7 in Unarmed Combat
  2133 | D:3      | Noticed Ijyb
  2141 | D:3      | Killed Ijyb
  2352 | D:4      | Reached **** piety under Trog
  2575 | D:4      | Noticed Blork the orc
  2589 | D:4      | Killed Blork the orc
  2589 | D:4      | Reached skill level 8 in Unarmed Combat
  2589 | D:4      | Reached XP level 7. HP: 51/66 MP: 6/6
  2864 | D:4      | Reached skill level 9 in Unarmed Combat
  3217 | D:5      | Entered Level 5 of the Dungeon
  3369 | D:5      | Reached XP level 8. HP: 74/74 MP: 7/7
  3436 | D:5      | Reached skill level 10 in Unarmed Combat
  3561 | D:5      | Reached ***** piety under Trog
  3768 | D:5      | Reached skill level 11 in Unarmed Combat
  4315 | D:6      | HP: 1/74 [centaur/arrow (7)]
  4315 | D:6      | Shot with an arrow by a centaur

Illustrated notes

Levels and vault maps discovered:
D:1:      ldierk_water_garden, layout_basic
D:2:      layout_basic, serial_bayou_crossing
D:3:      layout_basic, grunt_temple_overflow_open, uniq_ijyb, uniq_natasha
D:4:      layout_loops_corners, kennysheep_generic_room_16, uniq_blork_the_orc
D:5:      minmay_thinvault, layout_cave_pools
D:6:      layout_basic, lemuel_doored_altar, temple_green, minmay_crystal_room,
          minmay_door_square, serial_park_tiny_2, serial_bayou_lagoon_a

Skill      XL: |  1  2  3  4  5  6  7  8 |
---------------+-------------------------+-----
Unarmed Combat | 4 5 6 8 9 11 | 11.3
Fighting       | |  2.4
Armour         | |  0.2
Dodging        | |  2.4

Action                   |  1- 3 |  4- 6 |  7- 9 || total
-------------------------+-------+-------+-------++-------
Melee: Unarmed           |    94 |   205 |   148 ||   447
       Punch             |     1 |     4 |     5 ||    10
Invok: Trog's Hand       |       |       |     1 ||     1
       Brothers in Arms  |       |       |     1 ||     1
 Stab: Sleeping          |     1 |     3 |       ||     4
Armor: Animal skin       |    56 |    69 |    46 ||   171
Dodge: Dodged            |    52 |    91 |    47 ||   190

Table legend: (Time is in decaauts)
 A = Elapsed time spent in this place.
 B = Non-inter-level travel time spent in this place.
 C = Inter-level travel time spent in this place.
 D = Time resting spent in this place.
 E = Time spent auto-exploring this place.
 F = Levels seen in this place.
 G = Mean time per level.
                   A        B        C        D        E       F      G
               +--------+--------+--------+--------+--------+-----+--------+
         Total |   4266 |   4057 |    209 |    138 |   3080 |   6 |  711.0 |
       Dungeon |   4266 |   4057 |    209 |    138 |   3080 |   6 |  711.0 |
               +--------+--------+--------+--------+--------+-----+--------+

Top non-repeatable levels by time:
     D:3: 1106 daAuts
     D:5: 979 daAuts
     D:4: 883 daAuts
     D:2: 695 daAuts
     D:1: 505 daAuts
     D:6: 96 daAuts
